 Dungeon Crawl Stone Soup version 0.29.1-2-gbd0b4ee654 (console) character file.

Game seed: 9711658203355895198

807 Goreval the Insei (level 7, 0/56 HPs)
             Began as a Demigod Transmuter on Nov 14, 2022.
             Slain by Pikel
             ... wielding a +2 whip of flaming
              (2 damage)
             ... on level 6 of the Dungeon.
             The game lasted 00:16:22 (6058 turns).

Goreval the Insei (Demigod Transmuter)              Turns: 6058, Time: 00:16:22

Health: 0/56       AC:  3    Str: 11    XL:     7   Next: 34%
Magic:  13/14      EV: 16    Int: 29    God:
Gold:   260        SH:  0    Dex: 14    Spells: 4/12 levels left

rFire   . . .      SeeInvis .     - Unarmed
rCold   . . .      Faith    .   (no shield)
rNeg    . . .      Spirit   .   e - +0 leather armour
rPois   .          Reflect  .   (no helmet)
rElec   .          Harm     .   (no cloak)
rCorr   .          Rampage  .   (no gloves)
Will    .....                   (no boots)
Stlth   +.........              (no amulet)
HPRegen 0.18/turn               i - +6 ring of intelligence
MPRegen 0.14/turn               q - +4 ring of evasion

@: wereblooded
A: high MP 1, forlorn, divine attributes
a: no special abilities


You were on level 6 of the Dungeon.
You visited 1 branch of the dungeon, and saw 6 of its levels.

You collected 260 gold pieces.

Inventory:

Missiles
 d - 14 stones (quivered)
 j - 6 poisoned darts
Armour
 e - a +0 leather armour (worn)
Jewellery
 f - a ring of ice
 i - a +6 ring of intelligence (left hand)
 m - a ring of resist corrosion
 q - a +4 ring of evasion (right hand)
 t - a +6 ring of dexterity
Wands
 n - a wand of mindburst (13)
 s - a wand of digging (11)
Scrolls
 a - 3 scrolls of identify
 g - a scroll of vulnerability {unknown}
 h - a scroll of fear {unknown}
 l - a scroll of blinking
 p - a scroll of immolation {unknown}
 r - a scroll of noise {unknown}
 u - a scroll of enchant armour {unknown}
 w - a scroll of fog {unknown}
 x - 2 scrolls of teleportation {unknown}
Potions
 b - 3 potions of lignification
 c - a potion of brilliance
 k - a potion of curing
 o - a potion of invisibility
 v - a potion of might
 z - a potion of cancellation {unknown}
 A - a potion of resistance {unknown}


   Skills:
 + Level 2.8 Fighting
 - Level 3.0 Dodging
 * Level 5.0 Unarmed Combat
 + Level 3.0 Spellcasting
 * Level 4.5 Transmutations
 - Level 1.0 Poison Magic


You had 4 spell levels left.
You knew the following spells:

 Your Spells              Type           Power      Damage    Failure   Level
a - Beastly Appendage     Tmut           60%        N/A       1%          1
b - Wereblood             Tmut           30%        N/A       2%          2
c - Spider Form           Tmut/Pois      20%        N/A       10%         3
p - Passwall              Tmut/Erth      14%        N/A       6%          2

Your spell library contained the following spells:

 Spells                   Type           Power      Damage    Failure   Level
 Sandblast                Erth           8%         2d5       10%         1
 Stone Arrow              Conj/Erth      8%         3d7       30%         3
 Ice Form                 Ice/Tmut       17%        N/A       36%         4


Dungeon Overview and Level Annotations

Branches:
Dungeon (6/15)             Temple (0/1) D:5

Shops:
D:4 ((

Annotations:
D:4 3 runed translucent doors, Avanven's ghost, amateur KoAM
D:6 Pikel


Innate Abilities, Weirdness & Mutations

You have an increased reservoir of magic. (+10% MP)
You shall have no god before yourself.
Your divine heritage dramatically boosts your attributes as you level up.


Message History

You are too injured to fight recklessly!
You are too injured to fight recklessly!
You are too injured to fight recklessly!
You are too injured to fight recklessly!
You are too injured to fight recklessly!
You are too injured to fight recklessly!
You are too injured to fight recklessly!
You are too injured to fight recklessly!
You are too injured to fight recklessly!
You are too injured to fight recklessly!
You are too injured to fight recklessly!
You are too injured to fight recklessly!
You are too injured to fight recklessly!
You are too injured to fight recklessly!
You are too injured to fight recklessly!
You are too injured to fight recklessly!
You are too injured to fight recklessly!
You are too injured to fight recklessly!
You are too injured to fight recklessly!
You are too injured to fight recklessly!
You are too injured to fight recklessly!
You are too injured to fight recklessly!
You are too injured to fight recklessly!
You are too injured to fight recklessly!
You are too injured to fight recklessly!
You are too injured to fight recklessly!
You barely miss Pikel. Pikel completely misses you.
You hit Pikel but do no damage.
Pikel is poisoned.
You hit Pikel.
Your transformation has ended.
Your +0 leather armour unmelds from your body.
Pikel hits you with a +2 whip of flaming!
* * * LOW HITPOINT WARNING * * *
Pikel burns you.
* * * LOW HITPOINT WARNING * * *
Pikel attacks as you move away!
Pikel hits you with a +2 whip of flaming!
* * * LOW HITPOINT WARNING * * *
Pikel burns you.
You die...

####8.8####...........#
##.### ##.#.#.#.#.##
#.#.###...........#
#####......#.#.#.#.#.##
##...###.###...........#
#.....##.####.#.#.#.#.##
####......................#
#.............##.#.#.#.#.##
#.###...##................#
#..####.####.#.#.#.#.###
#.## #.# #............# ...
#.# ##.#.#.#.#.#.# #.##
##'## ###W###..##.# #.
##...## #.# #.†...# #
##.....## #.###..####
##.......###.##...#
..###.........##.#....#
....'.........'.§.....#
..###.........####...##
##.......## ##.## ##.....##
#.# ######...## ..#
#.....†..# .## #@#####..# .
#K# ###..###### #.#.###5#
#.......... ......5.#
#....###### ..#.###.#
#.....# K. #.###....## .##.
#........# .....##.###.####
.###........# ........#####
#########


You could see Pikel (very poisoned) and 2 lemures.

Vanquished Creatures
  A black bear (D:6)
  3 phantoms
  2 lemures (D:6)
  A necrophage (D:6)
  A bullfrog (D:6)
  A scorpion (D:6)
  A jelly (D:6)
  3 hounds
  Terence (D:3)
  8 adders
  A white imp (D:6)
  6 dart slugs
  8 orcs
  5 ball pythons
  3 endoplasms
  3 giant cockroaches
  6 goblins
  5 hobgoblins
  5 jackals
  4 quokkas
  5 bats (D:1)
  2 frilled lizards
  6 rats
81 creatures vanquished.

Vanquished Creatures (others)
  A fungus (D:1)
  A plant (D:4)
2 creatures vanquished.

Grand Total: 83 creatures vanquished

Notes
Turn   | Place    | Note
-------+----------+-------------------------------------------
     0 | D:1      | Goreval the Demigod Transmuter began the quest for the Orb.
     0 | D:1      | Reached XP level 1. HP: 15/15 MP: 5/5
   213 | D:1      | Reached skill level 1 in Fighting
   455 | D:1      | Reached XP level 2. HP: 17/23 MP: 4/7
   461 | D:1      | Learned a level 2 spell: Wereblood
   619 | D:1      | Reached skill level 3 in Unarmed Combat
  1244 | D:2      | Reached XP level 3. HP: 28/28 MP: 5/8
  1413 | D:2      | You fall into a shaft and drop 2 floors!
  1426 | D:4      | Found Goetiu's Antique Weapon Shop.
  1459 | D:4      | Learned a level 3 spell: Spider Form
  2204 | D:3      | Noticed Terence
  2471 | D:3      | Reached XP level 4. HP: 34/35 MP: 7/9
  2776 | D:4      | Noticed a phantom
  2781 | D:4      | Found Jadinugh's Weapon Shoppe.
  2791 | D:4      | Killed a phantom
  2792 | D:4      | Reached XP level 5. HP: 36/41 MP: 7/11
  3036 | D:4      | Noticed Avanven's ghost (amateur KoAM)
  3335 | D:4      | Found a runed translucent gate.
  3336 | D:4      | Found a runed translucent gate.
  3337 | D:4      | Found a runed translucent gate.
  3764 | D:5      | Entered Level 5 of the Dungeon
  3856 | D:3      | Killed Terence
  4201 | D:5      | Found a staircase to the Ecumenical Temple.
  4242 | D:5      | Reached skill level 4 in Unarmed Combat
  4246 | D:5      | Learned a level 2 spell: Passwall
  4680 | D:6      | Noticed a black bear
  4780 | D:6      | Reached XP level 6. HP: 38/48 MP: 10/12
  4978 | D:6      | Reached skill level 1 in Poison Magic
  5495 | D:5      | Reached XP level 7. HP: 32/56 MP: 14/14
  5959 | D:6      | Reached skill level 5 in Unarmed Combat
  6024 | D:6      | Noticed Pikel
  6058 | D:6      | HP: 2/56 [Pikel/+2 whip of flaming (7)]
  6058 | D:6      | Slain by Pikel

Illustrated notes

Levels and vault maps discovered:
D:1:      onia_arrival_mini_maze, layout_loops_ring, basic_ecumenical_altar,
          grunt_decor_arrowhead, minmay_heptomino_w4
D:2:      layout_loops_cross, basic_altar, kennysheep_potato
D:3:      layout_basic, uniq_terence
D:4:      layout_basic, serial_shops, nicolae_shop_overgrown_old_shop, shop,
          gammafunk_ghost_split, kennysheep_generic_room_14
D:5:      layout_basic, minmay_temple_entry_waves, grunt_decor_cap
D:6:      layout_loops_corners, lemuel_tele_altar, marbit_many_paths,
          small_statue_intersection, st_stairs_11, minmay_fire_ice_demons,
          uniq_edmund, uniq_eustachio, uniq_pikel

Skill      XL: |  1  2  3  4  5  6  7 |
---------------+----------------------+-----
Fighting       | 1 2 |  2.8
Transmutations | 2 3 4 |  4.5
Unarmed Combat | 3 4 5 |  5.0
Spellcasting   | 2 3 |  3.0
Dodging        | 2 3 |  3.0
Poison Magic   | 1 |  1.0

Action                   |  1- 3 |  4- 6 |  7- 9 || total
-------------------------+-------+-------+-------++-------
Melee: Unarmed           |   110 |   173 |    53 ||   336
       Kick              |    21 |    39 |     9 ||    69
       Headbutt          |    16 |    15 |     8 ||    39
       Punch             |     1 |     3 |       ||     4
Throw: Stone             |     9 |    12 |     3 ||    24
 Cast: Beastly Appendage |    25 |    22 |     3 ||    50
       Wereblood         |     1 |     2 |     2 ||     5
       Spider Form       |       |     2 |     1 ||     3
  Use: Scroll            |       |     5 |       ||     5
Armor: Leather armour    |    24 |    15 |     4 ||    43
       Robe              |     1 |       |       ||     1
       Skin              |       |     1 |     1 ||     2
Dodge: Dodged            |    61 |   138 |    33 ||   232
